PAA
CHESAPEAKE CONTINENTALS @ RENO SILVER SOX
05/21/2034
 
TOP OF THE 1ST
Chesapeake Continentals batting - Pitching for Reno Silver Sox : RHP Eddo Mud
Pitching: RHP Eddo Mud
Batting: RHB Phil Oostermeer 0-0: Ball
1-0: Called Strike
1-1: Ball
2-1: Fly out, F9 (Flyball, 9S)
Batting: LHB Mathias Gudmestad 0-0: Ball
1-0: DOUBLE (Flyball, 8RD)
Batting: RHB Santiago Valentín 0-0: Ball
1-0: Ball
2-0: Swinging Strike
2-1: Ball
3-1: Fly out, F8 (Flyball, 8LS)
Batting: LHB Raphaël Duval 0-0: Foul Ball, location: 2F
0-1: Ball
1-1: Ground out 4-3 (Groundball, 4)
Top of the 1st over - 0 runs, 1 hit, 0 errors, 1 left on base; Chesapeake 0 - Reno 0
BOTTOM OF THE 1ST
Reno Silver Sox batting - Pitching for Chesapeake Continentals : RHP Alfred Osuch
Pitching: RHP Alfred Osuch
Batting: RHB Spartak Gonjarov 0-0: Ball
1-0: Foul Ball, location: 2F
1-1: Ground out 1-3 (Groundball, P)
Batting: RHB Roy Burns 0-0: Ball
1-0: Swinging Strike
1-1: Ball
2-1: Ball
3-1: Base on Balls
Batting: RHB Daniel Bertrand 0-0: Ball
1-0: Ball
2-0: Called Strike
2-1: Ball
3-1: Fielders Choice at 2nd, 1-6 (Groundball, P)
Batting: LHB Henry Madore 0-0: Ball
1-0: Ball
Daniel Bertrand steals 2nd base
2-0: Foul Ball, location: 2F
2-1: SINGLE (Line Drive, 89M)
Daniel Bertrand to third
Runner from 3rd tries for Home, SAFE, no throw
Batting: RHB Carlos González 0-0: Called Strike
Henry Madore is caught stealing 2nd base
Bottom of the 1st over - 1 run, 1 hit, 0 errors, 0 left on base; Chesapeake 0 - Reno 1
TOP OF THE 2ND
Chesapeake Continentals batting - Pitching for Reno Silver Sox : RHP Eddo Mud
Batting: RHB Brian Moring 0-0: Ball
1-0: Ball
2-0: Fly out, F4 (Popup, 4)
Batting: RHB Carlos Stanford 0-0: Ball
1-0: Ball
2-0: Swinging Strike
2-1: Swinging Strike
2-2: Strikes out swinging
Batting: RHB Nick Bechtel 0-0: Swinging Strike
0-1: Ball
1-1: Called Strike
1-2: SINGLE (Line Drive, 4MD)
Batting: SHB Tomás Valdéz 0-0: Ball
1-0: Ball
2-0: Ball
3-0: Base on Balls
Nick Bechtel to second
Batting: RHB Shou-chien Luo 0-0: Ball
1-0: Ball
2-0: Foul Ball, location: 2F
2-1: Ball
3-1: Swinging Strike
3-2: Base on Balls
Nick Bechtel to third
Tomás Valdéz to second
Batting: RHB Phil Oostermeer 0-0: Called Strike
0-1: Fielders Choice at 2nd, 6-4 (Groundball, 6)
Top of the 2nd over - 0 runs, 1 hit, 0 errors, 3 left on base; Chesapeake 0 - Reno 1
BOTTOM OF THE 2ND
Reno Silver Sox batting - Pitching for Chesapeake Continentals : RHP Alfred Osuch
Batting: RHB Carlos González 0-0: Ball
1-0: Foul Ball, location: 2F
1-1: Ball
2-1: Fly out, F9 (Line Drive, 9S)
Batting: LHB Luis Aranda 0-0: Foul Ball, location: 2F
0-1: Swinging Strike
0-2: Ball
1-2: Strikes out looking
Batting: RHB Jean Lechuga 0-0: Ball
1-0: Ball
2-0: Ball
3-0: Base on Balls
Batting: RHB Bartolo Hernández 0-0: Ball
1-0: Called Strike
1-1: Ball
2-1: Swinging Strike
2-2: Ball
3-2: Base on Balls
Jean Lechuga to second
Batting: RHB Elijah Seymour 0-0: Swinging Strike
0-1: Ball
1-1: Foul Ball, location: 2F
1-2: Ball
2-2: Ball
3-2: Base on Balls
Jean Lechuga to third
Bartolo Hernández to second
Batting: RHB Spartak Gonjarov 0-0: Called Strike
0-1: Ball
1-1: Ball
2-1: Called Strike
2-2: Reached on error, E3 (Groundball, 34S)
Jean Lechuga scores
Bartolo Hernández to third
Elijah Seymour to second
Batting: RHB Roy Burns 0-0: Ground out 1-3 (Groundball, 15S)
Bottom of the 2nd over - 1 run, 0 hits, 1 error, 3 left on base; Chesapeake 0 - Reno 2
TOP OF THE 3RD
Chesapeake Continentals batting - Pitching for Reno Silver Sox : RHP Eddo Mud
Batting: LHB Mathias Gudmestad 0-0: Ball
1-0: Foul Ball, location: 2F
1-1: Bunt missed!
1-2: Ball
2-2: DOUBLE (Line Drive, 9LS)
Batting: RHB Santiago Valentín 0-0: Foul Ball, location: 2F
0-1: Called Strike
0-2: Strikes out swinging
Batting: LHB Raphaël Duval 0-0: Called Strike
0-1: Ball
1-1: Ball
2-1: Ball
Wild Pitch!
Mathias Gudmestad to third
3-1: Called Strike
3-2: Foul Ball, location: 2F
3-2: Fly out, F8 (Flyball, 8RM)
Runner from 3rd tags up, OUT at HOME
Top of the 3rd over - 0 runs, 1 hit, 0 errors, 0 left on base; Chesapeake 0 - Reno 2
BOTTOM OF THE 3RD
Reno Silver Sox batting - Pitching for Chesapeake Continentals : RHP Alfred Osuch
Batting: RHB Daniel Bertrand 0-0: Ball
1-0: Foul Ball, location: 2F
1-1: Foul Ball, location: 2F
1-2: SINGLE (Groundball, 56D)
Batting: LHB Henry Madore 0-0: Called Strike
0-1: Ball
1-1: Foul Ball, location: 2F
1-2: Ball
2-2: Ball
3-2: SINGLE (Groundball, 5D)
Daniel Bertrand to second
Batting: RHB Carlos González 0-0: Called Strike
0-1: Foul Ball, location: 2F
0-2: Ball
1-2: Ball
2-2: Ball
3-2: SINGLE (Groundball, 56D)
Daniel Bertrand to third
Henry Madore to second
Runner from 3rd tries for Home, SAFE, no throw
Batting: LHB Luis Aranda 0-0: Called Strike
0-1: Swinging Strike
0-2: Strikes out swinging
Batting: RHB Jean Lechuga 0-0: Ball
1-0: Called Strike
1-1: Ball
2-1: Swinging Strike
2-2: 3-RUN HOME RUN (Flyball, 7LD), Distance : 341 ft
Batting: RHB Bartolo Hernández 0-0: Ball
1-0: Ground out 5-3 (Groundball, 5)
Batting: RHB Elijah Seymour 0-0: Ball
1-0: Fly out, F9 (Flyball, 89S)
Bottom of the 3rd over - 4 runs, 4 hits, 0 errors, 0 left on base; Chesapeake 0 - Reno 6
TOP OF THE 4TH
Chesapeake Continentals batting - Pitching for Reno Silver Sox : RHP Eddo Mud
Batting: RHB Brian Moring 0-0: Called Strike
0-1: Swinging Strike
0-2: Ball
1-2: Ball
2-2: SINGLE (Groundball, 56D)
Batting: RHB Carlos Stanford 0-0: Ball
1-0: Called Strike
1-1: DOUBLE (Line Drive, 7)
Brian Moring to third
Batting: RHB Nick Bechtel 0-0: Ground out 5-3 (Groundball, 5L)
Batting: SHB Tomás Valdéz 0-0: Ball
1-0: SINGLE (Flyball, 78S)
Brian Moring scores
Carlos Stanford to third
Batting: RHB Shou-chien Luo 0-0: Called Strike
Tomás Valdéz steals 2nd base
0-1: Foul Ball, location: 2F
0-2: Ball
1-2: 3-RUN HOME RUN (Flyball, 7D), Distance : 352 ft
Batting: RHB Phil Oostermeer 0-0: Ball
1-0: Ball
2-0: Ball
3-0: Called Strike
3-1: Base on Balls
Batting: LHB Mathias Gudmestad 0-0: Grounds into double play, 6-4-3 (Groundball, 6)
Top of the 4th over - 4 runs, 4 hits, 0 errors, 0 left on base; Chesapeake 4 - Reno 6
BOTTOM OF THE 4TH
Reno Silver Sox batting - Pitching for Chesapeake Continentals : RHP Alfred Osuch
Batting: RHB Spartak Gonjarov 0-0: Foul Ball, location: 2F
0-1: Foul Ball, location: 2F
0-2: Strikes out looking
Batting: RHB Roy Burns 0-0: Called Strike
0-1: Swinging Strike
0-2: Foul Ball, location: 2F
0-2: Ball
1-2: Foul Ball, location: 2F
1-2: Foul Ball, location: 2F
1-2: SINGLE (Flyball, 78S)
Batting: RHB Daniel Bertrand 0-0: Called Strike
0-1: Ball
1-1: Ball
2-1: Ball
3-1: Base on Balls
Roy Burns to second
Batting: LHB Henry Madore 0-0: Foul Ball, location: 2F
0-1: Swinging Strike
0-2: Foul Ball, location: 2F
0-2: Ball
1-2: Ball
2-2: Strikes out swinging
Batting: RHB Carlos González 0-0: Ball
1-0: Foul Ball, location: 2F
1-1: Ball
2-1: Foul Ball, location: 2F
2-2: Ball
3-2: Fly out, F8 (Flyball, 8LS)
Bottom of the 4th over - 0 runs, 1 hit, 0 errors, 2 left on base; Chesapeake 4 - Reno 6
TOP OF THE 5TH
Chesapeake Continentals batting - Pitching for Reno Silver Sox : RHP Eddo Mud
Batting: RHB Santiago Valentín 0-0: Ball
1-0: Ball
2-0: SINGLE (Line Drive, 4M)
Batting: LHB Raphaël Duval 0-0: Swinging Strike
0-1: Ball
1-1: DOUBLE (Flyball, 9LD)
Santiago Valentín to third
Batting: RHB Brian Moring 0-0: Foul Ball, location: 2F
0-1: Foul Ball, location: 2F
0-2: Ball
1-2: Ball
2-2: Fly out, F8 (Flyball, 8LS)
Runner from 3rd tags up, SCORES, no throw
Batting: RHB Carlos Stanford 0-0: Ball
1-0: Foul Ball, location: 2F
1-1: SINGLE (Line Drive, 4D)
Raphaël Duval to third
Batting: RHB Nick Bechtel 0-0: Called Strike
0-1: SINGLE (Groundball, 15S) (infield hit)
Carlos Stanford to second
Batting: SHB Tomás Valdéz 0-0: Foul Ball, location: 2F
0-1: SINGLE (Line Drive, 89M)
Raphaël Duval scores
Carlos Stanford to third
Nick Bechtel to second
Runner from 3rd tries for Home, SAFE, throw made home
Pitching: RHP Herman Guevera
Batting: RHB Shou-chien Luo 0-0: DOUBLE (Line Drive, 8LXD)
Nick Bechtel scores
Tomás Valdéz to third
Batting: RHB Phil Oostermeer 0-0: Fly out, F8 (Flyball, 89M)
Runner from 3rd tags up, SCORES, throw made
Batting: LHB Mathias Gudmestad 0-0: Swinging Strike
0-1: Ball
1-1: Ball
2-1: Ground out 4-3 (Groundball, 4)
Top of the 5th over - 5 runs, 6 hits, 0 errors, 1 left on base; Chesapeake 9 - Reno 6
BOTTOM OF THE 5TH
Reno Silver Sox batting - Pitching for Chesapeake Continentals : RHP Alfred Osuch
Pitching: LHP Bu-wei Law
Batting: LHB Luis Aranda 0-0: Fly out, F8 (Line Drive, 89M)
Batting: RHB Jean Lechuga 0-0: Ball
1-0: Called Strike
1-1: Ball
2-1: Ball
3-1: Foul Ball, location: 2F
3-2: Foul Ball, location: 2F
3-2: Base on Balls
Batting: RHB Bartolo Hernández 0-0: Ball
1-0: Called Strike
1-1: Foul Ball, location: 2F
1-2: Foul Ball, location: 2F
1-2: Grounds into double play, 1-4-3 (Groundball, 15S)
Bottom of the 5th over - 0 runs, 0 hits, 0 errors, 0 left on base; Chesapeake 9 - Reno 6
TOP OF THE 6TH
Chesapeake Continentals batting - Pitching for Reno Silver Sox : RHP Herman Guevera
Batting: RHB Santiago Valentín 0-0: Ball
1-0: Fly out, F7 (Flyball, 7S)
Batting: LHB Raphaël Duval 0-0: Foul Ball, location: 2F
0-1: Foul Ball, location: 2F
0-2: Foul Ball, location: 2F
0-2: Ball
1-2: SINGLE (Flyball, 9LS)
Batting: RHB Brian Moring 0-0: Ball
1-0: Ball
2-0: Ball
3-0: Called Strike
3-1: SINGLE (Groundball, 34D)
Raphaël Duval to second
Runner from 2nd tries for 3rd, SAFE, no throw
Batting: RHB Carlos Stanford 0-0: Swinging Strike
0-1: Ball
1-1: Ball
2-1: Foul Ball, location: 2F
2-2: Strikes out swinging
Batting: RHB Nick Bechtel 0-0: Foul Ball, location: 2F
0-1: Ball
1-1: Foul Ball, location: 2F
1-2: Ball
2-2: Strikes out looking
Top of the 6th over - 0 runs, 2 hits, 0 errors, 2 left on base; Chesapeake 9 - Reno 6
BOTTOM OF THE 6TH
Reno Silver Sox batting - Pitching for Chesapeake Continentals : LHP Bu-wei Law
Batting: RHB Elijah Seymour 0-0: Foul Ball, location: 2F
0-1: Ball
1-1: Foul Ball, location: 2F
1-2: Strikes out swinging
Batting: RHB Spartak Gonjarov 0-0: Foul Ball, location: 2F
0-1: Ball
1-1: Swinging Strike
1-2: Ball
2-2: Ball
3-2: Fly out, F5 (Line Drive, 5S)
Batting: RHB Roy Burns 0-0: Ground out 6-3 (Groundball, 56)
Bottom of the 6th over - 0 runs, 0 hits, 0 errors, 0 left on base; Chesapeake 9 - Reno 6
TOP OF THE 7TH
Chesapeake Continentals batting - Pitching for Reno Silver Sox : RHP Herman Guevera
Batting: SHB Tomás Valdéz 0-0: Foul Ball, location: 2F
0-1: Called Strike
0-2: Ball
1-2: Foul Ball, location: 2F
1-2: Ball
2-2: Ball
3-2: Foul Ball, location: 2F
3-2: DOUBLE (Line Drive, 8RD)
Batting: RHB Shou-chien Luo 0-0: Foul Ball, location: 2F
0-1: Ball
1-1: SINGLE (Line Drive, 89S)
Tomás Valdéz to third
Runner from 3rd tries for Home, SAFE, no throw
Batting: RHB Phil Oostermeer 0-0: Called Strike
0-1: Ball
1-1: SINGLE (Groundball, 4MD)
Shou-chien Luo to second
Runner from 2nd tries for 3rd, OUT!
Phil Oostermeer to second
Batting: LHB Mathias Gudmestad 0-0: Ball
1-0: Foul Ball, location: 2F
1-1: Ball
2-1: SINGLE (Flyball, 8RS)
Phil Oostermeer to third
Batting: RHB Santiago Valentín 0-0: Ball
1-0: Ball
Mathias Gudmestad is caught stealing 2nd base
2-0: Foul Ball, location: 2F
2-1: Swinging Strike
2-2: Strikes out swinging
Top of the 7th over - 1 run, 4 hits, 0 errors, 1 left on base; Chesapeake 10 - Reno 6
BOTTOM OF THE 7TH
Reno Silver Sox batting - Pitching for Chesapeake Continentals : LHP Bu-wei Law
Batting: RHB Daniel Bertrand 0-0: Called Strike
0-1: Ball
1-1: Ball
2-1: Swinging Strike
2-2: Strikes out swinging
Batting: LHB Henry Madore 0-0: Ball
1-0: Swinging Strike
1-1: Ball
2-1: Foul Ball, location: 2F
2-2: Foul Ball, location: 2F
2-2: Strikes out swinging
Batting: RHB Carlos González 0-0: Called Strike
0-1: Called Strike
0-2: Fly out, F7 (Line Drive, 78M)
Bottom of the 7th over - 0 runs, 0 hits, 0 errors, 0 left on base; Chesapeake 10 - Reno 6
TOP OF THE 8TH
Chesapeake Continentals batting - Pitching for Reno Silver Sox : RHP Herman Guevera
Batting: LHB Raphaël Duval 0-0: Ball
1-0: Called Strike
1-1: Ball
2-1: Ball
3-1: Base on Balls
Pitching: RHP Chad Li
Batting: RHB Brian Moring 0-0: Called Strike
0-1: Called Strike
0-2: Ball
1-2: Strikes out swinging
Batting: RHB Carlos Stanford 0-0: Called Strike
0-1: Swinging Strike
0-2: Strikes out swinging
Batting: RHB Nick Bechtel 0-0: Ball
1-0: Swinging Strike
1-1: Ball
2-1: Called Strike
2-2: Ground out U3 (Groundball, 3S)
Top of the 8th over - 0 runs, 0 hits, 0 errors, 1 left on base; Chesapeake 10 - Reno 6
BOTTOM OF THE 8TH
Reno Silver Sox batting - Pitching for Chesapeake Continentals : LHP Bu-wei Law
Batting: LHB Luis Aranda 0-0: Called Strike
0-1: Ball
1-1: Fly out, F6 (Popup, P)
Batting: RHB Jean Lechuga 0-0: Ball
1-0: Foul Ball, location: 2F
1-1: Fly out, F9 (Flyball, 9S)
Batting: RHB Bartolo Hernández 0-0: Ball
1-0: Ball
2-0: Foul Ball, location: 2F
2-1: Ball
3-1: Foul Ball, location: 2F
3-2: Base on Balls
Batting: RHB Elijah Seymour 0-0: Swinging Strike
0-1: Ball
Wild Pitch!
Bartolo Hernández to second
1-1: Ball
2-1: Ball
3-1: Base on Balls
Batting: RHB Spartak Gonjarov 0-0: Fly out, F5 (Popup, 25F)
Bottom of the 8th over - 0 runs, 0 hits, 0 errors, 2 left on base; Chesapeake 10 - Reno 6
TOP OF THE 9TH
Chesapeake Continentals batting - Pitching for Reno Silver Sox : RHP Chad Li
Batting: SHB Tomás Valdéz 0-0: Swinging Strike
0-1: Ball
1-1: Foul Ball, location: 2F
1-2: Foul Ball, location: 2F
1-2: Strikes out swinging
Batting: RHB Shou-chien Luo 0-0: Ball
1-0: DOUBLE (Line Drive, 8RD)
Batting: RHB Phil Oostermeer 0-0: Ball
1-0: 2-RUN HOME RUN (Flyball, 9D), Distance : 385 ft
Batting: LHB Mathias Gudmestad 0-0: Ball
1-0: Called Strike
1-1: Hit by Pitch
Batting: RHB Santiago Valentín 0-0: Ball
1-0: SINGLE (Line Drive, 6M)
Mathias Gudmestad to second
Batting: LHB Raphaël Duval 0-0: Foul Ball, location: 2F
0-1: Called Strike
0-2: Ball
1-2: Foul Ball, location: 2F
1-2: Grounds out, U3 (Groundball, 3L)
Mathias Gudmestad to third
Batting: RHB Brian Moring 0-0: Called Strike
0-1: Ball
1-1: Foul Ball, location: 2F
1-2: Ball
2-2: Foul Ball, location: 2F
2-2: Fly out, F8 (Flyball, 8RD)
Top of the 9th over - 2 runs, 3 hits, 0 errors, 2 left on base; Chesapeake 12 - Reno 6
BOTTOM OF THE 9TH
Reno Silver Sox batting - Pitching for Chesapeake Continentals : LHP Bu-wei Law
Batting: RHB Roy Burns 0-0: Ball
1-0: Called Strike
1-1: Foul Ball, location: 2F
1-2: SINGLE (Groundball, 56D)
Pitching: RHP Jason Todd
Batting: RHB Daniel Bertrand 0-0: Grounds into double play, 4-6-3 (Groundball, 4)
Batting: LHB Henry Madore 0-0: Ball
1-0: Called Strike
1-1: Foul Ball, location: 2F
1-2: Ball
2-2: Foul Ball, location: 2F
2-2: Ground out 4-3 (Groundball, 4S)
Bottom of the 9th over - 0 runs, 1 hit, 0 errors, 0 left on base; Chesapeake 12 - Reno 6
Friday, March 29th, 2019 - OOTP Baseball 18.8 Build 76